 Dungeon Crawl Stone Soup version 0.17.1-3-g152610e (webtiles) character file.

73 grippy the Grave Robber (level 4, -5/24 HPs)
             Began as a Deep Elf Necromancer on Mar 31, 2016.
             Slain by a gnoll
             ... wielding a +0 spear
              (7 damage)
             ... on level 2 of the Dungeon.
             The game lasted 00:23:14 (1479 turns).

grippy the Grave Robber (Deep Elf Necromancer)      Turns: 1479, Time: 00:23:15

Health: -5/24      AC:  2    Str: 10    XL:     4   Next: 8%
Magic:  8/12       EV: 13    Int: 21    God:
Gold:   53         SH:  0    Dex: 15    Spells: 2 memorised, 9 levels left

rFire  . . .     SeeInvis .     u - +2 short sword (distort)
rCold  . . .     Clarity  .     a - +0 robe
rNeg   . . .     SustAt   .     (no shield)
rPois  .         Gourm    .     (no helmet)
rElec  .         Spirit   .     (no cloak)
rCorr  .         Warding  .     (no gloves)
rMut   .         Stasis   .     (no boots)
MR     .....                    (no amulet)
Stlth  ++........               (no ring)
                                (no ring)

@: mighty, very slightly contaminated, hasted, very quick, not resistant to
hostile enchantments, unstealthy
A: no striking features
a: no special abilities


You were on level 2 of the Dungeon.
You were not hungry.

You visited 1 branch of the dungeon, and saw 2 of its levels.

You collected 53 gold pieces.

Inventory:

Hand Weapons
 d - a +0 dagger
 j - a +0 hunting sling
 u - a +2 short sword of distortion (weapon)
Missiles
 h - 33 stones
 p - 20 arrows
 q - 14 sling bullets
 y - a javelin of returning (quivered)
Armour
 a - a +0 robe (worn)
Scrolls
 c - a scroll of recharging {unknown}
 g - a scroll of immolation {unknown}
 k - 2 scrolls of remove curse
 l - 2 scrolls of enchant weapon {unknown}
 n - a scroll of noise {unknown}
 o - a scroll of blinking {unknown}
 r - 2 scrolls of random uselessness {unknown}
 t - a scroll of teleportation {unknown}
 w - a scroll of enchant armour {unknown}
Potions
 e - a potion of brilliance {unknown}
 f - a potion of lignification {unknown}
 i - a potion of curing
 m - a potion of ambrosia {unknown}
 v - a potion of haste
Books
 b - a book of Necromancy

   Spells                             Type                      Level
   a - Pain                           Necromancy                   1
   b - Animate Skeleton               Necromancy                   1
   c - Vampiric Draining              Necromancy                   3
   d - Regeneration                   Charms/Necromancy            3
   e - Animate Dead                   Necromancy                   4
   f - Control Undead                 Necromancy                   4
Comestibles
 x - 7 chunks of flesh


   Skills:
 + Level 0.5 Fighting
 + Level 0.4 Short Blades
 + Level 0.5 Slings
 + Level 2.7 Dodging
 + Level 2.4 Stealth
 + Level 4.2 Spellcasting
 + Level 5.6 Necromancy


You had 9 spell levels left.
You knew the following spells:

 Your Spells              Type           Power        Failure   Level  Hunger
a - Pain                  Necr           ####         1%          1    None
b - Animate Skeleton      Necr           N/A          1%          1    None


Dungeon Overview and Level Annotations

Branches:
Dungeon (2/15)

Altars:

Annotations:
D:2 Robin
Abyss:1 Natasha


Message History

The gnoll closely misses you.
You puncture the gnoll!
You kill the gnoll!
You have reached level 4!
You feel clever. The gnoll closely misses you.
Casting: Pain
Confirm with . or Enter, or press ? or * to list all spells.
Aiming: Pain
Press: ? - help, Shift-Dir - straight line, f - gnoll
Aim: a gnoll, wielding a spear (chance to defeat MR: 89%)
The gnoll convulses in agony!
Throwing (i - inventory. (,) - cycle):
y - 2 javelins of returning (quivered)
Press: ? - help, Shift-Dir - straight line, f/p - gnoll
Aim: a gnoll, wielding a spear (lightly wounded)
You throw a javelin of returning.
The javelin of returning closely misses the gnoll.
The javelin of returning fails to return to your pack!
The gnoll hits you from afar with a spear!
You die...

#...Z.Z.....#
#.#########.# #####'####
#.# #........# #Z#
#........######Z###
#.....>...........+
######'###.####.###
#.#...# #.#
########@#.######.#
#.....##.Z)).)....#
#.....##g#'####.#........
#.....##))..).#.#########
#.....##......#.#
#.....##......#..
#.....##......###
#.....##(.....##
##.....##.(....(...


You could see a gnoll and a friendly hobgoblin skeleton.

Vanquished Creatures
  2 gnolls (D:2)
  9 hobgoblins
  3 kobolds (D:1)
  4 bats (D:1)
  2 giant geckos (D:1)
  2 giant newts (D:1)
  11 goblins
  3 rats
36 creatures vanquished.

Vanquished Creatures (collateral kills)
  A ball python (D:1)
1 creature vanquished.

Grand Total: 37 creatures vanquished

Notes
Turn   | Place    | Note
--------------------------------------------------------------
     0 | D:1      | grippy the Deep Elf Necromancer began the quest for the Orb.
     0 | D:1      | Reached XP level 1. HP: 10/10 MP: 6/6
   176 | D:1      | Reached skill level 5 in Necromancy
   182 | D:1      | Learned a level 1 spell: Animate Skeleton
   514 | D:1      | Reached XP level 2. HP: 13/15 MP: 5/8
  1076 | D:2      | Noticed Natasha
  1086 | D:2      | Banished Natasha
  1086 | D:2      | Reached XP level 3. HP: 11/19 MP: 10/10
  1312 | D:2      | Noticed Robin
  1477 | D:2      | Reached XP level 4. HP: 3/24 MP: 9/12
  1479 | D:2      | Slain by a gnoll

Action                   |  1- 3 |  4- 6 || total
-------------------------+-------+-------++-------
Melee: Dagger            |    10 |       ||    10
       Short sword       |    28 |       ||    28
 Fire: Hunting sling     |    19 |       ||    19
Throw: Javelin           |     4 |     1 ||     5
 Cast: Pain              |    16 |     1 ||    17
       Animate Skeleton  |    12 |       ||    12
  Use: Scroll            |     1 |       ||     1
       Potion            |     3 |       ||     3
  Eat: Bread ration      |     1 |       ||     1
